 Dungeon Crawl Stone Soup version 0.19-a0-49-gb8736b8 (webtiles) character file.

633568 Jeelzebub the Slayer (level 27, -14/186 HPs)
             Began as a Human Fighter on May 6, 2016.
             Was a High Priest of Okawaru.
             Demolished by an azure jelly (30 damage)
             ... created by the Royal Jelly
             ... on level 5 of the Pits of Slime.
             The game lasted 04:27:33 (109576 turns).

Jeelzebub the Slayer (Human Fighter)              Turns: 109576, Time: 04:27:33

Health: -14/186    AC: 17    Str: 18    XL:     27
Magic:  35/47      EV: 24    Int: 30    God:    Okawaru [*****.]
Gold:   4456       SH:  0    Dex: 20    Spells: 5 memorised, 35 levels left

rFire  + + +     SeeInvis +     Q - +6 arbalest "Damnation" {damnation, rF++ rC- MR+}
rCold  . . .     Gourm    .     e - +2 scale mail "Quqoq" {*Corrode Int+5, !cast !d}
rNeg   + + .     Faith    .     (shield currently unavailable)
rPois  +         Spirit   .     j - -2 hat of the Alchemist {rElec rPois rF+ rC+ rN+ MR+ rMut rCorr}
rElec  +         Dismiss  .     m - +2 cloak {MR+}
rCorr  +         Reflect  .     N - +0 pair of gloves of the Mind {rPois MP+9 Int+2}
rMut   +         Harm     .     u - +2 pair of boots {Fly}
SustAt .                        p - amulet of Acutedda {+Rage Int+4 Slay+3 SInv, nice !D}
MR     +++++                    t - ring "Xouquar" {rF+ Int+4}
Stlth  ++........               l - ring of positive energy {rN+}

@: heroism, finesse, infused, corroded, flying, regenerating, deflect missiles,
almost entirely resistant to hostile enchantments, unstealthy
A: blurry vision 1, frail 2, magic resistance 1, strong 1
a: Heroism, Finesse, Renounce Religion, Evoke Berserk Rage, Stop Flying
}: 3/15 runes: decaying, silver, gossamer


You were on level 5 of the Pits of Slime.
You worshipped Okawaru.
Okawaru was extremely pleased with you.
You were not hungry.

You visited 11 branches of the dungeon, and saw 55 of its levels.
You also visited: Labyrinth, Trove, Ossuary, Bailey and Volcano.

You collected 8351 gold pieces.
You spent 3895 gold pieces at shops.

Inventory:

Hand Weapons
 a - the +3 double sword of Mourning {elec, rC+}
   (Okawaru gifted it to you on level 9 of the Dungeon)

   Occasionally, upon striking a foe, it will discharge some electrical energy
   and cause terrible harm.
   It protects you from cold.
 b - a +7 triple crossbow of flaming
   (Okawaru gifted it to you on level 3 of the Swamp)
 f - the +9 scimitar "Metaratiam" {speed, *Confuse +Fly rF+ Int+8, cast !d}
   (You found it on level 3 of the Swamp)

   Attacks with this weapon are significantly faster.
   It affects your intelligence (+8).
   It protects you from fire.
   It lets you fly.
   It may confuse you when you take damage.
 n - a +6 antimagic triple sword
   (You subdued it on level 2 of the Elven Halls)
 Q - the +6 arbalest "Damnation" (weapon) {damnation, rF++ rC- MR+}
   (Okawaru gifted it to you on level 4 of the Spider Nest)

   It greatly protects you from fire.
   It makes you vulnerable to cold.
   It affects your resistance to hostile enchantments.
 X - a +5 eudemon blade of holy wrath
   (You took it off a daeva on level 2 of the Depths)
Missiles
 o - a throwing net {=f, !d}
 P - 1005 bolts (quivered)
Armour
 e - the +2 scale mail "Quqoq" (worn) {*Corrode Int+5, !cast !d}
   (You acquired it on level 3 of the Lair of Beasts)

   It affects your intelligence (+5).
   It may corrode you when you take damage.
 j - the -2 hat of the Alchemist (worn) {rElec rPois rF+ rC+ rN+ MR+ rMut rCorr}
   (You found it on level 5 of the Vaults)

   It protects you from fire.
   It protects you from cold.
   It insulates you from electricity.
   It protects you from poison.
   It protects you from negative energy.
   It affects your resistance to hostile enchantments.
   It protects you from acid and corrosion.
   It protects you from mutation.
 m - a +2 cloak of magic resistance (worn)
   (You found it on level 3 of the Spider Nest)
 r - the +7 crystal plate armour of the Thirteen Wonders {rN+ rCorr Str-4 Slay+6}
   (Okawaru gifted it to you on level 1 of the Swamp)

   It affects your strength (-4).
   It affects your accuracy and damage with ranged weapons and melee attacks
   (+6).
   It protects you from negative energy.
   It protects you from acid and corrosion.
 u - a +2 pair of boots of flying (worn)
   (You acquired it on level 8 of the Lair of Beasts)
 N - the +0 pair of gloves of the Mind (worn) {rPois MP+9 Int+2}
   (You found it on level 5 of the Vaults)

   It affects your intelligence (+2).
   It protects you from poison.
   It affects your magic capacity (+9).
Magical Staves
 x - an uncursed staff of air {rElec}
   (You found it in a labyrinth)
Jewellery
 g - an uncursed ring of protection from cold {rC+, !d}
   (You found it in a treasure trove)
 l - a ring of positive energy (left hand) {rN+}
   (You found it in a treasure trove)
 p - the amulet of Acutedda (around neck) {+Rage Int+4 Slay+3 SInv, nice !D}
   (You found it on level 6 of the Dungeon)

   [amulet of rage]

   It affects your intelligence (+4).
   It affects your accuracy and damage with ranged weapons and melee attacks
   (+3).
   It lets you see invisible.
   It lets you go berserk.
 t - the ring "Xouquar" (right hand) {rF+ Int+4}
   (You took it off a vault warden on level 5 of the Vaults)

   [ring of intelligence]

   It affects your intelligence (+4).
   It protects you from fire.
 Y - the amulet "Olaog" {Harm *Drain *Confuse Str+5}
   (You took it off a deep elf annihilator on level 3 of the Elven Halls)

   [amulet of harm]

   It increases damage dealt and taken.
   It affects your strength (+5).
   It may confuse you when you take damage.
Wands
 k - a wand of digging (22/24) {!d}
   (You found it on level 7 of the Lair of Beasts)
 M - a wand of teleportation (2/9) {!d}
   (You found it on level 1 of the Swamp)
 V - a wand of heal wounds (4/9) {!d}
   (You bought it in a shop on level 5 of the Depths)
Scrolls
 c - 7 scrolls of magic mapping {!r}
 y - 2 scrolls of silence
 D - 4 scrolls of immolation {!r}
 E - 7 scrolls of identify
 F - 2 scrolls of fog
 J - 21 scrolls of remove curse
Potions
 d - 5 potions of magic
 h - 6 potions of might
 i - a potion of agility
 s - 3 potions of resistance
 H - 4 potions of brilliance
 K - a potion of haste
 S - 8 potions of curing
 U - a potion of heal wounds
 W - a potion of ambrosia
Miscellaneous
 B - a legendary deck of defence {Fortitude}
   (You found it on level 3 of the Elven Halls)
 G - a legendary deck of defence {drawn: 6}
   (You found it on level 8 of the Lair of Beasts)
Comestibles
 w - 4 beef jerkies


   Skills:
 - Level 22.4(27) Fighting
 - Level 13.0(18.0) Long Blades
 - Level 5.6(10.6) Staves
 - Level 22.3(27) Crossbows
 - Level 15.0(20.0) Armour
 - Level 12.6(17.6) Dodging
   Level 3.1(8.1) Shields
 + Level 11.8 Spellcasting
 * Level 16.0 Charms
 - Level 1.0 Necromancy
 * Level 16.1 Air Magic
 * Level 17.4 Invocations


You had 35 spell levels left.
You knew the following spells:

 Your Spells              Type           Power        Failure   Level  Hunger
a - Infusion              Chrm           ####         0%          1    None
b - Deflect Missiles      Chrm/Air       #######...   1%          6    ####...
d - Repel Missiles        Chrm/Air       ######       0%          2    None
r - Regeneration          Chrm/Necr      ######....   1%          3    None
s - Swiftness             Chrm/Air       #######.     0%          2    None


Dungeon Overview and Level Annotations

Branches:
Dungeon (15/15)            Temple (0/1) D:4            Lair (8/8) D:9
  Swamp (4/4) Lair:4       Spider (4/4) Lair:3        Slime (6/6) Lair:7
    Orc (2/2) D:12            Elf (3/3) Orc:2        Vaults (5/5) D:13
  Crypt (2/3) Vaults:3     Depths (5/5) D:15            Zot (1/5) Depths:5

Altars:
Cheibriados
Elyvilon
Fedhas
Gozag
Kikubaaqudgha
Nemelex Xobeh
Okawaru
Pakellas
Qazlal
Ru
Sif Muna
Yredelemnul
The Shining One
Beogh
Jiyva
Lugonu

Shops:
Orc:2 %([=   Elf:3 *   Vaults:1 :   Vaults:2 [   Vaults:3 [   Vaults:4 *
Depths:1 (   Depths:2 *([   Depths:3 [   Depths:5 *

Portals:
Hell: Depths:1 Depths:2 Depths:3 Depths:4 Depths:5
Abyss: Depths:2 Depths:4
Pandemonium: Depths:1 Depths:3 Depths:5
Ziggurat: Depths:2

Annotations:
Spider:4 2 exclusions
Slime:6 Royal Jelly


Innate Abilities, Weirdness & Mutations

Scrolls take you a little longer to read.
You are very frail (-20% HP).
You are resistant to hostile enchantments.
Your muscles are strong. (Str +2)


Message History

The Royal Jelly hits you but does no damage.
Aim: the Royal Jelly (severely wounded, inner flame)
You shoot a bolt. The bolt hits the Royal Jelly!
The bolt burns the Royal Jelly.
The Royal Jelly shudders.
The Royal Jelly spits out another jelly.
The acid blob barely misses you. The acid blob hits you.
You are splashed with acid!
The acid burns!
You resist.
You take 7 damage, and have 163/186 hp.
Unknown command.
Aim: the Royal Jelly (severely wounded, inner flame)
You shoot a bolt. The bolt hits the Royal Jelly!
The bolt burns the Royal Jelly.
The Royal Jelly shudders.
The Royal Jelly spits out another jelly.
The Royal Jelly hits you!!
You are splashed with acid!
The acid burns!
You resist. The Royal Jelly completely misses you.
The death ooze hits you but does no damage. x2
You take 20 damage, and have 143/186 hp.
Unknown command.
Aim: the Royal Jelly (severely wounded, inner flame)
You shoot a bolt. The bolt barely misses the Royal Jelly.
The bolt hits the azure jelly.
The bolt burns the azure jelly.
The acid blob barely misses you. The death ooze misses you.
The death ooze closely misses you.
The acid blob hits you but does no damage.
Unknown command.
Unknown command.
Read which item? (? for menu, Esc to quit)
Okay, then.
Okay, then.
Wield which item (- for none, * to show all)? (? for menu, Esc to quit)
Your +7 triple crossbow of flaming stops flaming.
Your hands smoulder for a moment.
Q - the +6 arbalest "Damnation" (weapon)
{damnation, rF++ rC- MR+} The death ooze hits you!!
The death ooze barely misses you. The acid blob closely misses you.
The acid blob misses you.
You take 19 damage, and have 125/186 hp.
Aim: an azure jelly (lightly wounded) That damnation is likely to hit you.
Continue anyway?
Okay, then.
Aim: an azure jelly (lightly wounded) That damnation is likely to hit you.
Continue anyway?
You shoot a damnation bolt.
The damnation bolt hits the azure jelly!
The damnation bolt damns the azure jelly!
The damnation bolt explodes!
The damnation engulfs the azure jelly.
The damnation engulfs the acid blob.
The damnation engulfs you!
The damnation engulfs the acid blob. x2; The damnation engulfs the azure jelly.
The damnation engulfs the acid blob. x2; The damnation engulfs the azure jelly.
The azure jelly hits you but does no damage.
The azure jelly hits you. The azure jelly freezes you!!
The azure jelly hits you. The azure jelly closely misses you.
The death ooze barely misses you. The death ooze hits you!
You take 65 damage, and have 60/186 hp.
MASSIVE DAMAGE!!
Read which item? (? for menu, Esc to quit)
Okay, then.
The acid blob spits acid at you. You deflect the splash of acid!
The acid blob spits acid at you. You deflect the splash of acid!
The splash of acid hits the azure jelly.
The azure jelly completely resists.
The azure jelly hits you but does no damage.
The azure jelly hits you!
* * * LOW HITPOINT WARNING * * *
The azure jelly freezes you!
* * * LOW HITPOINT WARNING * * *
The azure jelly hits you but does no damage.
The azure jelly hits you.
* * * LOW HITPOINT WARNING * * *
The Royal Jelly jiggles.
The acid blob hits you!
* * * LOW HITPOINT WARNING * * *
Your corrosive artefact corrodes you!
You are splashed with acid!
The acid burns!
You resist.
* * * LOW HITPOINT WARNING * * *
You fly upwards.
There is a stone staircase leading down, spattered with blood here.
You see here a bolt.
You take 44 damage, and have 16/186 hp.
MASSIVE DAMAGE!!
Read which item? (? for menu, Esc to quit)
Okay, then.
Drink which item? (? for menu, Esc to quit)
Okay, then.
Read which item? (? for menu, Esc to quit)
Okay, then.
Drink which item? (? for menu, Esc to quit)
Okay, then.
Drink which item? (? for menu, Esc to quit)
You feel much better. The acid blob hits you!!
* * * LOW HITPOINT WARNING * * *
You are splashed with acid!
The acid burns!
You resist.
* * * LOW HITPOINT WARNING * * *
The azure jelly hits you!
* * * LOW HITPOINT WARNING * * *
The azure jelly freezes you!!
You die...

...# ##.......# #..##
#..(....##
#...####....#######
##....#.#.....###..##
####....#.......(......#
##.#.#......#...<......#
#...........#...((....##
##...........J(J(......##
#.....(.....J@((.#.....#
##.........#JJJ.##....##
###.#....(.......#....#
##.....(........#....#
###...<...........##..##
##..................####
#.................<.#.##
##.#....#..............#
####.............(...##


You could see 3 acid blobs, 2 azure jellies and a death ooze.

Vanquished Creatures
  Dissolution (Slime:1)
  An orb of fire (Zot:1)
  A juggernaut (Depths:3)
  An ancient lich (Vaults:5)
  Sojobo (Vaults:4)
  Boris (Vaults:4)
  Frederick (Vaults:3)
  Saint Roka (Vaults:3)
  Norris (Spider:4)
  A caustic shrike (Depths:3)
  8 golden dragons
  Xtahua (Vaults:4)
  Arachne (Spider:2)
  Jorgrun (Swamp:3)
  Rupert (Orc:2)
  9 tentacled monstrosities
  Asterion (Elf:1)
  The ghost of tedric the Bludgeoner, an adept OgAM of the Shining One (Spider:3)
  2 liches
  2 deep elf blademasters (Elf:3)
  32 acid blobs
  4 titans (Vaults:5)
  2 deep elf master archers (Elf:3)
  4 quicksilver dragons
  5 ancient champions
  2 death cobs (Zot:1)
  Kirke (Spider:2)
  4 sphinxes
  A daeva (Depths:2)
  A thorn hunter (Swamp:4)
  13 tengu reavers
  5 shadow dragons
  2 storm dragons
  Agnes (D:14)
  A revenant (Crypt:1)
  A draconian monk (Zot:1)
  Roxanne (Elf:1)
  3 fire giants
  5 azure jellies
  12 frost giants
  A balrug (Depths:1)
  11 vault wardens
  2 draconian zealots (Zot:1)
  5 ghost moths
  An orc warlord (Orc:1)
  8 emperor scorpions
  13 deep elf sorcerers
  3 iron dragons
  A curse skull (Crypt:1)
  2 angels (Depths:2)
  Aizul (Spider:4)
  Louise (Swamp:3)
  5 deep elf elementalists (Elf:3)
  3 draconian annihilators (Zot:1)
  2 ghouls (Crypt:1)
  4 draconian shifters
  4 draconian scorchers
  18 very ugly things
  3 spriggan defenders
  17 stone giants
  13 ironheart preservers
  2 caustic shrike skeletons (Depths:1)
  2 vampire knights (Crypt:1)
  6 deep elf demonologists
  Azrael (Elf:1)
  5 salamander stormcallers
  7 black draconians
  5 yellow draconians
  3 green draconians (Zot:1)
  9 deep elf annihilators
  2 red draconians
  3 mottled draconians (Zot:1)
  3 purple draconians (Depths:5)
  4 white draconians (Zot:1)
  The ghost of Nathanielran1005 the Fencer, a journeyman MiFi of Trog (D:13)
  A lorocyproca (Depths:5)
  A spark wasp (Spider:4)
  2 eidola (Crypt:1)
  16 ettins
  9 deep elf death magi
  2 merfolk impalers (Depths:1)
  15 great orbs of eyes
  7 death oozes
  10 crystal guardians (Elf:3)
  10 jiangshi
  30 vault guards
  12 fire dragons
  A minotaur (Lab)
  A fire dragon (shapeshifter) (Vaults:4)
  6 deep elf high priests
  3 rakshasas
  14 yaktaur captains
  13 ice dragons
  4 entropy weavers
  2 spriggan air magi
  3 ghost crabs
  12 centaur warriors
  26 hydras
  6 catoblepae
  The ghost of superterranean the Pandemonic, a novice DsGl of Makhleb (D:9)
  A monstrous demonspawn (Depths:3)
  5 death knights
  19 ogre magi
  33 dancing weapons
  5 deep troll earth magi
  7 deep troll shamans
  11 alligators
  15 death yaks
  6 tengu warriors
  A queen ant (Lair:4)
  6 spriggan berserkers
  An orc high priest (Elf:1)
  An iron giant zombie (Crypt:1)
  9 vampire magi
  10 spriggans
  32 deep elf knights
  A soul eater (Crypt:1)
  A hellephant skeleton (Crypt:1)
  The ghost of Quilel the Covert, a novice DEEn of Kikubaaqudgha (D:10)
  16 skeletal warriors
  A spark wasp zombie (D:15)
  4 iron trolls
  2 salamander mystics
  A storm dragon skeleton (Vaults:3)
  6 hell knights
  A fire crab (Vaults:1)
  2 unseen horrors (Depths:2)
  An unseen horror (shapeshifter) (Vaults:5)
  A swamp dragon (shapeshifter) (Vaults:4)
  32 deep trolls
  12 swamp dragons
  3 large abominations (Depths:2)
  20 deep elf archers
  2 flayed ghosts
  A giant orange brain (shapeshifter) (Vaults:1)
  7 giant orange brains
  A lindwurm (shapeshifter) (D:15)
  2 spriggan druids
  Pikel (D:4)
  A lindwurm (Lair:5)
  8 hill giants
  An obsidian statue (Depths:4)
  2 orb spiders (shapeshifter) (Depths:4)
  10 phantasmal warriors
  3 wizards
  17 ironbrand convokers
  2 shambling mangroves
  5 harpies
  8 shining eyes
  10 necromancers
  2 putrid demonspawn
  An anubis guard (shapeshifter) (Depths:4)
  A golden dragon skeleton (Depths:1)
  88 deep elf magi
  26 orb spiders
  15 orc knights
  4 stone giant zombies
  14 hornets
  35 ugly things
  37 wolf spiders
  8 orc sorcerers
  14 elephants
  A manticore (Depths:4)
  9 moths of wrath
  2 sixfirhies (Depths:5)
  A hornet (shapeshifter) (Vaults:5)
  13 griffons
  6 cyclopes
  A faun (shapeshifter) (Depths:4)
  2 human skeletons
  10 black mambas
  6 salamanders
  A fire giant skeleton (Crypt:1)
  A guardian serpent (shapeshifter) (Depths:5)
  A torpor snail (shapeshifter) (Depths:4)
  A black mamba (shapeshifter) (Depths:4)
  26 spiny frogs
  24 vault sentinels
  2 guardian serpents (Depths:2)
  4 eyes of devastation
  3 human zombies
  3 gargoyles
  4 torpor snails
  2 rime drakes (shapeshifter)
  3 kobold demonologists
  2 komodo dragons (shapeshifter)
  A hellion (Depths:3)
  5 spectral swamp worms (Depths:4)
  A spiny frog (shapeshifter) (Depths:4)
  A yaktaur zombie (D:15)
  57 yaktaurs
  4 rime drakes
  14 komodo dragons
  An efreet (D:14)
  15 freezing wraiths
  5 hellwings (Depths:1)
  12 demonic crawlers
  A yaktaur (shapeshifter) (Depths:1)
  6 red devils
  3 yaktaur skeletons
  45 jumping spiders
  3 tengu conjurers (Depths:2)
  A polar bear (shapeshifter) (Depths:4)
  3 trolls
  A tengu simulacrum (Vaults:2)
  149 slime creatures
  27 two-headed ogres
  A two-headed ogre (shapeshifter) (D:15)
  7 giant leeches
  9 bog bodies
  13 boulder beetles
  28 blink frogs
  A harpy skeleton (Crypt:1)
  A slime creature (shapeshifter) (Depths:4)
  A raiju (shapeshifter) (Depths:4)
  A frost giant simulacrum (Vaults:3)
  A blink frog (shapeshifter) (Depths:4)
  3 spriggan zombies
  10 flying skulls
  A vampire (D:12)
  7 shadows
  3 air elementals
  74 redbacks
  12 water elementals
  A deep troll skeleton (Depths:1)
  32 tarantellas
  62 yaks
  2 basilisks
  2 tarantellas (shapeshifter)
  12 wraiths
  10 golden eyes
  A yak (shapeshifter) (Depths:4)
  A wyvern (D:14)
  2 hogs (shapeshifter)
  13 hippogriffs
  A yaktaur simulacrum (Vaults:1)
  A hippogriff (shapeshifter) (Elf:1)
  2 hungry ghosts
  A human simulacrum (Vaults:1)
  4 chaos spawn
  A neqoxec (Depths:3)
  6 fire elementals
  47 vampire mosquitoes
  A mottled dragon (Vaults:1)
  4 insubstantial wisps (Swamp:3)
  7 wargs
  Edmund (D:5)
  29 swamp worms
  9 soldier ants (Lair:4)
  8 hell hounds
  A giant eyeball (Slime:4)
  14 water moccasins
  A giant eyeball (shapeshifter) (Vaults:5)
  A water moccasin (shapeshifter) (Depths:2)
  17 porcupines
  3 ice beasts
  12 swamp drakes
  A slave (D:5)
  3 sky beasts
  2 black bears
  56 orc warriors
  An elf zombie (Vaults:1)
  A necrophage (D:9)
  8 boggarts
  7 eyes of draining
  19 wasps
  22 wolves
  41 centaurs
  84 ogres
  The ghost of Jeelzebub the Changer, an amateur DgTm (D:3)
  20 crocodiles
  5 big kobolds
  27 giant frogs
  2 gnoll sergeants
  3 earth elementals
  A komodo dragon skeleton (Crypt:1)
  2 water moccasin skeletons
  2 scorpions
  18 wights
  9 killer bees
  4 howler monkeys
  9 electric eels
  A polar bear skeleton (Crypt:1)
  3 crimson imps
  A giant frog zombie (D:5)
  Crazy Yiuf (D:3)
  A basilisk zombie (Crypt:1)
  2 hounds
  41 jellies
  30 orc wizards
  2 centaur skeletons
  25 orc priests
  10 iguanas
  2 iron imps (Depths:5)
  A black bear skeleton (Crypt:1)
  8 small abominations (Depths:2)
  27 worker ants
  7 hell rats (Lair:7)
  60 sheep
  A big kobold zombie (Ossuary)
  3 mummies (Ossuary)
  A worker ant zombie (D:10)
  A gnoll (shapeshifter) (Vaults:5)
  20 gnolls
  13 adders
  96 river rats
  A shadow imp (Depths:5)
  A steam dragon skeleton (Crypt:1)
  3 white imps (Depths:5)
  An ooze (D:1)
  7 adder zombies
  5 worms
  13 dart slugs
  5 giant geckos
  152 orcs
  2 ball pythons
  3 bats
  5 giant cockroaches
  2 goblins
  6 hobgoblins
  12 jackals
  7 quokkas
  4 giant newts (D:2)
  4 goblin zombies
  A jackal skeleton (D:9)
  A jackal zombie (D:6)
  18 kobolds
  A kobold zombie (Ossuary)
  6 quokka zombies
  2 rats
  3 rat zombies (Ossuary)
  A butterfly (Lair:6)
  2 crawling corpses (Elf:3)
  3 fire vortices
3049 creatures vanquished.

Vanquished Creatures (collateral kills)
  A jelly (D:6)
1 creature vanquished.

Vanquished Creatures (others)
  Nikola (Spider:3)
  A fire giant (Depths:5)
  A salamander stormcaller (Vaults:2)
  2 deep elf archers (Elf:3)
  5 deep elf magi
  A jumping spider (Spider:3)
  A redback (Spider:3)
  3 humans (Spider:3)
  A warg (shapeshifter) (Vaults:5)
  A swamp worm (Swamp:4)
  A slave (D:5)
  A swamp drake (Swamp:4)
  An orc warrior (D:14)
  A centaur (D:5)
  A hound (D:5)
  A giant frog skeleton (D:6)
  An adder (D:5)
  5 orcs (D:5)
  A fire vortex (Vaults:5)
  58 fungi
  69 plants
  7 toadstools (Lair:5)
164 creatures vanquished.

Grand Total: 3214 creatures vanquished

Notes
Turn   | Place    | Note
--------------------------------------------------------------
     0 | D:1      | Jeelzebub the Human Fighter began the quest for the Orb.
     0 | D:1      | Reached XP level 1. HP: 18/18 MP: 1/1
    52 | D:1      | Reached XP level 2. HP: 23/24 MP: 2/2
   331 | D:1      | Reached XP level 3. HP: 14/30 MP: 3/3
   658 | D:2      | Reached skill level 4 in Fighting
  1156 | D:2      | Reached XP level 4. HP: 24/38 MP: 4/4
  1277 | D:2      | Found an iron altar of Okawaru.
  1307 | D:2      | Became a worshipper of Warmaster Okawaru
  1846 | D:3      | Noticed Jeelzebub's ghost (amateur DgTm)
  1973 | D:3      | Killed Jeelzebub's ghost
  1973 | D:3      | Reached skill level 5 in Fighting
  1973 | D:3      | Reached XP level 5. HP: 27/46 MP: 5/5
  2074 | D:3      | Noticed Crazy Yiuf
  2084 | D:3      | Killed Crazy Yiuf
  2084 | D:3      | Reached * piety under Okawaru
  2141 | D:3      | Reached skill level 6 in Fighting
  2153 | D:3      | Reached XP level 6. HP: 52/52 MP: 6/6
  2393 | D:3      | Found an ancient bone altar of Kikubaaqudgha.
  2743 | D:4      | Found a snail-covered altar of Cheibriados.
  2916 | D:4      | Found a staircase to the Ecumenical Temple.
  3030 | D:4      | Reached skill level 7 in Fighting
  3215 | D:4      | Noticed an ogre
  3219 | D:4      | Killed an ogre
  3219 | D:4      | Reached XP level 7. HP: 60/60 MP: 7/7
  3398 | D:5      | Entered Level 5 of the Dungeon
  3398 | D:5      | Found a sparkling altar of Nemelex Xobeh.
  3402 | D:5      | Noticed Pikel
  3418 | D:5      | HP: 15/60 [Pikel/whip of flaming (3)]
  3439 | D:4      | Killed Pikel
  3439 | D:4      | Reached ** piety under Okawaru
  3439 | D:4      | Reached skill level 9 in Fighting
  3439 | D:4      | Reached XP level 8. HP: 41/71 MP: 8/8
  3632 | D:5      | Found a sand-covered staircase.
  3657 | Ossuary  | Entered an ossuary
  3919 | D:5      | Noticed Edmund
  3973 | D:5      | Killed Edmund
  3973 | D:5      | Reached skill level 10 in Fighting
  4079 | D:5      | Found a blossoming altar of Fedhas.
  4860 | D:6      | Got a shimmering lead amulet
  4878 | D:6      | Reached XP level 9. HP: 75/79 MP: 9/9
  5095 | D:6      | Reached skill level 11 in Fighting
  5455 | D:6      | Identified the amulet of Acutedda {+Rage Int+4 Slay+3 SInv} (You found it on level 6 of the Dungeon)
  5465 | D:6      | Reached *** piety under Okawaru
  5795 | D:6      | Reached skill level 12 in Fighting
  5932 | D:6      | Found a sacrificial altar of Ru.
  6635 | D:7      | Found a flagged portal.
  6658 | Bailey   | Entered a bailey
  7068 | Bailey   | HP: 19/84 [orc warrior (13)]
  7074 | Bailey   | HP: 12/84 [orc warrior (9)]
  7080 | Bailey   | HP: 3/84 [orc warrior/bolt (15)]
  7776 | Bailey   | Reached XP level 10. HP: 55/91 MP: 7/10
  7934 | Bailey   | Found a roughly hewn altar of Beogh.
  7934 | Bailey   | Noticed an orc knight
  7965 | Bailey   | Killed an orc knight
  7965 | Bailey   | Reached **** piety under Okawaru
  7965 | Bailey   | Reached skill level 2 in Staves
  7965 | Bailey   | Reached skill level 2 in Invocations
  7969 | Bailey   | HP: 7/136 [orc warrior/glaive (35)]
  7970 | Bailey   | Reached skill level 3 in Invocations
  8332 | Bailey   | Reached skill level 3 in Staves
  8588 | Bailey   | Reached skill level 4 in Invocations
  9225 | D:7      | Reached skill level 4 in Staves
  9871 | D:8      | Reached skill level 13 in Fighting
 10018 | D:8      | Found a white marble altar of Elyvilon.
 10142 | D:8      | Reached skill level 1 in Crossbows
 10405 | D:8      | Reached skill level 2 in Crossbows
 10452 | D:8      | HP: 21/92 [poisoned by a kobold]
 10730 | D:9      | Reached skill level 5 in Invocations
 10746 | D:9      | Reached skill level 5 in Staves
 10798 | D:9      | Reached ***** piety under Okawaru
 10798 | D:9      | Reached skill level 3 in Crossbows
 10824 | D:9      | Noticed superterranean's ghost (novice DsGl)
 10860 | D:9      | Killed superterranean's ghost
 10860 | D:9      | Reached skill level 4 in Crossbows
 10860 | D:9      | Reached XP level 11. HP: 57/98 MP: 13/15
 11130 | D:9      | Received a gift from Okawaru
 11133 | D:9      | Got a polished double sword {god gift}
 11134 | D:9      | Identified the +3 double sword of Mourning {elec, rC+} (Okawaru gifted it to you on level 9 of the Dungeon)
 11190 | D:9      | Found a staircase to the Lair.
 11190 | D:9      | Noticed an elephant
 11213 | D:9      | Reached skill level 3 in Long Blades
 11220 | D:9      | Killed an elephant
 11220 | D:9      | Reached skill level 4 in Long Blades
 11247 | D:9      | Reached skill level 5 in Long Blades
 11585 | D:9      | Noticed a cyclops
 11587 | D:9      | Killed a cyclops
 11587 | D:9      | Reached skill level 6 in Long Blades
 11611 | D:9      | Found a deep blue altar of Sif Muna.
 11803 | D:9      | Found an oddly glowing altar of Pakellas.
 11881 | Lair:1   | Entered Level 1 of the Lair of Beasts
 11926 | Lair:1   | Reached skill level 5 in Crossbows
 12186 | Lair:1   | Found a dark tunnel.
 12194 | Volcano  | Entered a volcano
 12257 | Volcano  | Received a gift from Okawaru
 12257 | Volcano  | Reached skill level 6 in Crossbows
 12349 | Volcano  | Noticed a centaur warrior
 12360 | Volcano  | Killed a centaur warrior
 12360 | Volcano  | Reached skill level 7 in Crossbows
 12863 | Lair:1   | Got a dull robe
 12864 | Lair:1   | Identified the +3 robe of Hackuxos {rElec Int+3 SInv} (You found it on level 1 of the Lair of Beasts)
 12866 | Lair:1   | Reached XP level 12. HP: 80/105 MP: 16/16
 13289 | Lair:1   | Reached skill level 8 in Crossbows
 13811 | Lair:1   | Reached skill level 9 in Crossbows
 15262 | Lair:3   | Noticed a catoblepas
 15275 | Lair:2   | Killed a catoblepas
 15275 | Lair:2   | Received a gift from Okawaru
 15275 | Lair:2   | Reached skill level 7 in Long Blades
 15582 | Lair:3   | Reached skill level 10 in Crossbows
 15600 | Lair:3   | Found a hole to the Spider Nest.
 15869 | Lair:3   | Received a gift from Okawaru
 16183 | Lair:3   | HP: 25/105 [wolf (3)]
 16219 | Lair:3   | HP: 23/105 [wolf (6)]
 16726 | Lair:3   | Reached skill level 8 in Long Blades
 16738 | Lair:3   | Reached ****** piety under Okawaru
 16738 | Lair:3   | Received a gift from Okawaru
 17193 | Lair:3   | Reached XP level 13. HP: 111/111 MP: 17/17
 17258 | Lair:3   | Reached skill level 11 in Crossbows
 17851 | Lair:3   | Identified a scroll of acquirement
 17854 | Lair:3   | Got a dazzling scale mail
 17865 | Lair:3   | Identified the +2 scale mail "Quqoq" {*Corrode Int+5} (You acquired it on level 3 of the Lair of Beasts)
 17951 | Lair:4   | Reached skill level 9 in Long Blades
 18038 | Lair:4   | Received a gift from Okawaru
 19071 | Lair:4   | Reached skill level 10 in Long Blades
 19078 | Lair:4   | Received a gift from Okawaru
 19567 | Lair:4   | Reached skill level 12 in Crossbows
 20234 | Lair:4   | Found a staircase to the Swamp.
 20838 | Lair:5   | Received a gift from Okawaru
 20845 | Lair:5   | Reached skill level 11 in Long Blades
 21159 | Lair:5   | Received a gift from Okawaru
 21704 | Lair:5   | Noticed a catoblepas
 21711 | Lair:5   | Killed a catoblepas
 21717 | Lair:5   | Reached XP level 14. HP: 86/118 MP: 18/18
 21838 | Lair:5   | Reached skill level 7 in Dodging
 21838 | Lair:5   | Reached XP level 15. HP: 123/123 MP: 19/19
 21840 | Lair:5   | Gained mutation: Your muscles are strong. (Str +2) [potion of beneficial mutation]
 21841 | Lair:5   | Gained mutation: You are resistant to hostile enchantments. [potion of beneficial mutation]
 21882 | Lair:5   | Identified the Disquisition on Boosts and the Volcanoes (You found it on level 5 of the Lair of Beasts)
 21888 | Lair:5   | Learned a level 1 spell: Infusion
 22562 | Lair:6   | Reached skill level 13 in Crossbows
 23025 | Lair:6   | Reached skill level 12 in Long Blades
 24090 | Lair:7   | Found a staircase to the Slime Pits.
 25271 | Lair:7   | Received a gift from Okawaru
 25570 | Lair:7   | Got a smelly plate armour
 25801 | Lair:7   | Identified the +2 plate armour of Fedhas's Hatred {rN++} (You found it on level 7 of the Lair of Beasts)
 25844 | Lair:8   | Entered Level 8 of the Lair of Beasts
 25930 | Lair:7   | Reached skill level 14 in Crossbows
 26295 | Lair:7   | Received a gift from Okawaru
 27624 | Lair:8   | Reached skill level 15 in Crossbows
 28175 | Lair:8   | Received a gift from Okawaru
 28418 | Lair:8   | Reached XP level 16. HP: 90/130 MP: 20/20
 28555 | Lair:8   | Received a gift from Okawaru
 28676 | Lair:8   | HP: 24/130 [death yak (15)]
 28677 | Lair:8   | HP: 8/130 [death yak (17)]
 28688 | Lair:8   | HP: 23/130 [sheep (2)]
 28985 | Lair:8   | Reached skill level 16 in Crossbows
 30705 | Lair:1   | Learned a level 3 spell: Regeneration
 30798 | Swamp:1  | Entered Level 1 of the Swamp
 30886 | D:10     | Entered Level 10 of the Dungeon
 30949 | D:10     | Noticed Quilel's ghost (novice DEEn)
 30955 | D:10     | Killed Quilel's ghost
 30992 | D:10     | Learned a level 2 spell: Swiftness
 30995 | D:10     | Learned a level 2 spell: Repel Missiles
 31281 | D:10     | Received a gift from Okawaru
 31780 | D:11     | Reached skill level 17 in Crossbows
 31933 | D:11     | Found a basalt altar of Yredelemnul.
 32568 | D:12     | Found a staircase to the Orcish Mines.
 33403 | D:12     | Reached skill level 1 in Charms
 33403 | D:12     | Reached skill level 1 in Air Magic
 33572 | Orc:1    | Entered Level 1 of the Orcish Mines
 33606 | Orc:1    | Reached skill level 1 in Spellcasting
 33662 | Orc:1    | Received a gift from Okawaru
 33854 | Orc:1    | Reached skill level 1 in Necromancy
 34002 | Orc:2    | Entered Level 2 of the Orcish Mines
 34168 | Orc:2    | Found a roughly hewn altar of Beogh.
 34180 | Orc:2    | Found Ysmat's Jewellery Shop.
 34203 | Orc:2    | Found a roughly hewn altar of Beogh.
 34240 | Orc:2    | Found a staircase to the Elven Halls.
 34328 | Orc:2    | Found a roughly hewn altar of Beogh.
 34376 | Orc:2    | Found a roughly hewn altar of Beogh.
 34403 | Orc:2    | Reached skill level 2 in Air Magic
 34755 | Orc:2    | Found a roughly hewn altar of Beogh.
 34846 | Orc:2    | Reached skill level 2 in Charms
 35004 | Orc:2    | Reached skill level 4 in Armour
 35164 | Orc:2    | Found a roughly hewn altar of Beogh.
 35171 | Orc:2    | Reached skill level 2 in Spellcasting
 35178 | Orc:2    | Found Rerusem's Food Boutique.
 35209 | Orc:2    | Noticed Rupert
 35220 | Orc:2    | Killed Rupert
 35220 | Orc:2    | Reached skill level 3 in Air Magic
 35352 | Orc:2    | Found a roughly hewn altar of Beogh.
 35884 | Orc:2    | Found Lowogh's Antique Armour Boutique.
 35885 | Orc:2    | Found a roughly hewn altar of Beogh.
 35888 | Orc:2    | Found Enkihyum's Antique Weapon Shop.
 36666 | Orc:2    | Bought a translucent scale mail for 243 gold pieces
 36666 | Orc:2    | Bought a faintly glowing plate armour for 756 gold pieces
 36677 | Orc:2    | Identified the +2 scale mail of Butog {rN+ Str-2 SInv Stlth+} (You bought it in a shop on level 2 of the Orcish Mines)
 36688 | Orc:2    | Identified the +10 plate armour "Byryet" {Regen+ Dex+4} (You bought it in a shop on level 2 of the Orcish Mines)
 36883 | Orc:1    | Reached skill level 3 in Charms
 36977 | Orc:1    | Reached skill level 3 in Spellcasting
 37317 | Orc:2    | Bought an uncursed ring of poison resistance for 320 gold pieces
 37631 | Swamp:1  | Reached XP level 17. HP: 136/136 MP: 18/21
 37634 | Swamp:1  | Received a gift from Okawaru
 37825 | Swamp:1  | Reached skill level 4 in Air Magic
 37827 | Swamp:1  | Reached skill level 5 in Armour
 37976 | Swamp:1  | Reached skill level 4 in Charms
 38018 | Swamp:1  | Received a gift from Okawaru
 38019 | Swamp:1  | Got a transparent crystal plate armour {god gift}
 38072 | Swamp:1  | Reached skill level 4 in Spellcasting
 38294 | Swamp:1  | HP: 32/136 [burnt (4)]
 38959 | Swamp:2  | Reached skill level 5 in Air Magic
 39886 | Swamp:1  | Reached skill level 6 in Armour
 41235 | Swamp:3  | Reached skill level 13 in Long Blades
 41466 | Swamp:3  | Noticed Louise
 41473 | Swamp:3  | Killed Louise
 41473 | Swamp:3  | Received a gift from Okawaru
 41553 | Swamp:3  | Noticed Jorgrun
 41562 | Swamp:3  | Killed Jorgrun
 42111 | Swamp:3  | Got a pitted scimitar
 42112 | Swamp:3  | Identified the +9 scimitar "Metaratiam" {speed, *Confuse +Fly rF+ Int+8} (You found it on level 3 of the Swamp)
 42740 | Swamp:4  | Entered Level 4 of the Swamp
 42895 | Swamp:3  | Reached skill level 18 in Crossbows
 42898 | Swamp:3  | HP: 27/137 [alligator (9)]
 42903 | Swamp:3  | HP: 7/137 [alligator (13)]
 42907 | Swamp:3  | Reached XP level 18. HP: 24/143 MP: 24/24
 43573 | Swamp:4  | Received a gift from Okawaru
 43576 | Swamp:4  | Got a slimy robe {god gift}
 44063 | Swamp:4  | HP: 30/143 [hornet[a shambling mangrove] (15)]
 44068 | Swamp:4  | HP: 34/143 [poisoned by a hornet]
 44069 | Swamp:4  | HP: 14/143 [six-headed hydra (11)]
 44074 | Swamp:4  | HP: 12/143 [poisoned by a hornet]
 44270 | Swamp:4  | Reached skill level 19 in Crossbows
 44575 | Swamp:4  | Got a decaying rune of Zot
 45435 | Lair:1   | Identified the +3 robe "Heeq Food" {rPois Str+4 Dex-2} (Okawaru gifted it to you on level 4 of the Swamp)
 45450 | Lair:1   | Identified the +7 crystal plate armour of the Thirteen Wonders {rN+ rCorr Str-4 Slay+6} (Okawaru gifted it to you on level 1 of the Swamp)
 45622 | Spider:1 | Entered Level 1 of the Spider Nest
 45633 | Lair:3   | HP: 30/143 [wolf spider (6)]
 45638 | Lair:3   | HP: 26/143 [poisoned by a wolf spider]
 45643 | Lair:3   | HP: 23/143 [poisoned by a wolf spider]
 45649 | Lair:3   | HP: 22/143 [poisoned by a wolf spider]
 45655 | Lair:3   | HP: 21/143 [poisoned by a wolf spider]
 45660 | Lair:3   | HP: 21/143 [poisoned by a wolf spider]
 45665 | Lair:3   | HP: 22/143 [poisoned by a wolf spider]
 45672 | Lair:3   | HP: 23/143 [poisoned by a wolf spider]
 45681 | Lair:3   | HP: 25/143 [poisoned by a wolf spider]
 45687 | Lair:3   | HP: 27/143 [poisoned by a wolf spider]
 45693 | Lair:3   | HP: 29/143 [poisoned by a wolf spider]
 46969 | Spider:1 | Reached skill level 7 in Armour
 47496 | Spider:2 | Noticed Arachne
 47526 | Spider:2 | HP: 24/143 [disintegration (49)]
 47538 | Spider:2 | HP: 34/143 [jumping spider (5)]
 47544 | Spider:2 | HP: 33/143 [wolf spider (4)]
 47547 | Spider:2 | HP: 3/143 [disintegration (32)]
 47558 | Spider:2 | Killed Arachne
 48158 | Spider:1 | Reached skill level 8 in Armour
 49830 | Spider:3 | Received a gift from Okawaru
 50199 | Spider:3 | Reached skill level 9 in Armour
 50442 | Spider:2 | Reached XP level 19. HP: 102/149 MP: 25/25
 50609 | Spider:3 | Received a gift from Okawaru
 50665 | Spider:3 | Noticed tedric's ghost (adept OgAM)
 50672 | Spider:3 | Killed tedric's ghost
 50747 | Spider:3 | Noticed Kirke
 50759 | Spider:2 | Killed Kirke
 51482 | Spider:2 | Reached skill level 20 in Crossbows
 51483 | Spider:2 | HP: 37/149 [poisoned by an emperor scorpion]
 51488 | Spider:2 | HP: 36/149 [poisoned by an emperor scorpion]
 51493 | Spider:2 | HP: 36/149 [poisoned by an emperor scorpion]
 51498 | Spider:2 | HP: 37/149 [poisoned by an emperor scorpion]
 51562 | Spider:2 | Received a gift from Okawaru
 51774 | Spider:3 | Reached skill level 10 in Armour
 51790 | Spider:3 | Noticed Nikola
 51803 | Spider:3 | Killed Nikola
 52296 | Spider:3 | Received a gift from Okawaru
 52577 | Spider:4 | Entered Level 4 of the Spider Nest
 52849 | Spider:4 | Received a gift from Okawaru
 53707 | Spider:4 | Noticed Norris
 53780 | Spider:4 | Killed Norris
 53780 | Spider:4 | Reached skill level 11 in Armour
 53839 | Spider:4 | Received a gift from Okawaru
 54596 | Spider:4 | Received a gift from Okawaru
 55011 | Spider:3 | Reached skill level 12 in Armour
 55163 | Spider:3 | Reached XP level 20. HP: 128/156 MP: 21/26
 55383 | Spider:4 | Noticed Aizul
 55394 | Spider:4 | Killed Aizul
 55772 | Spider:4 | Got a crude hand crossbow
 55843 | Spider:4 | Got a gossamer rune of Zot
 56328 | Lair:1   | Identified the +4 hand crossbow "Zougasoc" {flame, Str+2 SInv} (You found it on level 4 of the Spider Nest)
 56580 | Elf:1    | Entered Level 1 of the Elven Halls
 56586 | Elf:1    | Reached skill level 21 in Crossbows
 56688 | Elf:1    | Received a gift from Okawaru
 56726 | Elf:1    | Noticed Asterion
 56736 | Elf:1    | Killed Asterion
 56736 | Elf:1    | Received a gift from Okawaru
 57014 | Elf:1    | Noticed Roxanne
 57024 | Elf:1    | Killed Roxanne
 57033 | Elf:1    | Identified Roxanne's Grimoire of Transmigration (You took it off Roxanne on level 1 of the Elven Halls)
 57040 | Elf:1    | Reached skill level 13 in Armour
 57077 | Elf:1    | HP: 33/156 [deep elf archer/arrow (11)]
 57378 | Elf:1    | Identified a +2 iron rod (9/9) (You found it on level 1 of the Elven Halls)
 57664 | Elf:1    | Noticed Azrael
 57671 | Elf:1    | Killed Azrael
 58003 | Elf:1    | Received a gift from Okawaru
 59275 | D:13     | Noticed Nathanielran1005's ghost (journeyman MiFi)
 59283 | D:13     | Killed Nathanielran1005's ghost
 59371 | D:13     | Found a gate to the Vaults.
 59520 | D:13     | Reached skill level 14 in Armour
 59854 | D:14     | Found a labyrinth entrance.
 59854 | D:14     | Noticed Agnes
 59865 | D:14     | Killed Agnes
 59882 | D:14     | Reached XP level 21. HP: 162/162 MP: 21/27
 59896 | Lab      | Entered a labyrinth
 60116 | Lab      | Identified a +1 rod of ignition (12/12) {!a} (You took it off a minotaur in a labyrinth)
 60897 | D:15     | Entered Level 15 of the Dungeon
 61014 | D:15     | Found a staircase to the Depths.
 61034 | D:15     | Reached skill level 22 in Crossbows
 61666 | Vaults:1 | Entered Level 1 of the Vaults
 62837 | Elf:2    | Found a runed gate.
 62837 | Elf:2    | Found a runed gate.
 62837 | Elf:2    | Found a runed gate.
 62871 | Elf:2    | Reached skill level 15 in Armour
 62875 | Elf:2    | Received a gift from Okawaru
 63560 | Elf:2    | Reached skill level 14 in Fighting
 63562 | Elf:2    | HP: 38/165 [glowing lajatang (9)]
 63562 | Elf:2    | HP: 6/165 [deep elf archer/arrow (16)]
 63570 | Elf:2    | HP: 26/165 [lajatang of distortion (19)]
 63574 | Elf:2    | HP: 10/165 [lajatang of distortion (19)]
 64381 | Vaults:1 | Found a portal to a secret trove of treasure.
 64823 | Vaults:1 | You paid a toll of 2 potions of cure mutation to enter a treasure trove
 64824 | Trove    | Entered a treasure trove
 64922 | Vaults:1 | Found Eloseu's Book Shop.
 65484 | Vaults:1 | Reached skill level 15 in Fighting
 65768 | Vaults:1 | Received a gift from Okawaru
 65782 | Vaults:1 | Reached XP level 22. HP: 146/175 MP: 28/28
 65965 | Vaults:1 | HP: 42/176 [ettin/dire flail (16)]
 66346 | Vaults:1 | Received a gift from Okawaru
 67573 | Vaults:2 | Found Ysaodit's Antique Armour Shop.
 67705 | Vaults:2 | Reached skill level 16 in Fighting
 69524 | Vaults:2 | Reached skill level 17 in Fighting
 69629 | Vaults:2 | Received a gift from Okawaru
 69630 | Vaults:2 | Got a twisted robe {god gift}
 71087 | Vaults:3 | Reached skill level 18 in Fighting
 71157 | Vaults:3 | Noticed Frederick
 71172 | Vaults:3 | Killed Frederick
 71564 | Vaults:3 | Reached XP level 23. HP: 192/192 MP: 29/29
 71811 | Vaults:3 | Noticed Saint Roka
 71824 | Vaults:3 | Killed Saint Roka
 71826 | Vaults:3 | Reached skill level 19 in Fighting
 71832 | Vaults:3 | Received a gift from Okawaru
 72187 | Vaults:3 | Got a twitching silver amulet
 72188 | Vaults:3 | Identified the amulet "Suul" {Inacc rPois rF+ rN+ Int-5} (You found it on level 3 of the Vaults)
 72203 | Vaults:3 | Got a transparent hand crossbow
 72204 | Vaults:3 | Identified the cursed +1 hand crossbow of Bodily Harmony {venom, +Blink +Fly Stlth+} (You found it on level 3 of the Vaults)
 72462 | Vaults:3 | Found Nantih's Antique Armour Emporium.
 72470 | Vaults:3 | Bought a dazzling plate armour for 784 gold pieces
 72470 | Vaults:3 | Identified the +5 plate armour of the Iron City of Dis {-Cast rPois Int+5} (You bought it in a shop on level 3 of the Vaults)
 72520 | Vaults:3 | Found a staircase to the Crypt.
 72568 | Vaults:3 | Found a stormy altar of Qazlal.
 73313 | Vaults:4 | Got a crude graven amulet
 73314 | Vaults:4 | Identified the amulet of Rationality {Spirit *Drain Int+4 Dex+3} (You found it on level 4 of the Vaults)
 73476 | Vaults:4 | Received a gift from Okawaru
 73686 | Vaults:4 | Found Rannawno's Assorted Antiques.
 73694 | Vaults:4 | Reached skill level 20 in Fighting
 73912 | Vaults:4 | Noticed Boris
 73920 | Vaults:4 | Killed Boris
 73946 | Vaults:4 | Noticed Sojobo
 73971 | Vaults:4 | HP: 32/198 [Sojobo/great sword of electrocution (19)]
 74558 | Vaults:4 | Killed Sojobo
 74558 | Vaults:4 | Received a gift from Okawaru
 74719 | Vaults:4 | Identified the Guide on Dark Flight
 74888 | Vaults:4 | Noticed Xtahua
 74898 | Vaults:4 | Killed Xtahua
 75672 | Vaults:4 | Reached XP level 24. HP: 205/206 MP: 29/29
 76076 | Lair:1   | Identified the +2 robe of the Wasteland {rC+ MR- Str+9 Dex+3} (Okawaru gifted it to you on level 2 of the Vaults)
 76396 | Vaults:5 | Entered Level 5 of the Vaults
 76399 | Vaults:5 | Reached skill level 21 in Fighting
 76399 | Vaults:5 | Noticed a golden dragon
 76402 | Vaults:5 | Received a gift from Okawaru
 76789 | Vaults:4 | Received a gift from Okawaru
 76801 | Vaults:4 | HP: 47/210 [golden dragon (10)]
 76803 | Vaults:4 | Killed a golden dragon
 76806 | Vaults:4 | HP: 32/210 [glaive of protection (8)]
 77354 | Vaults:5 | Received a gift from Okawaru
 77355 | Vaults:5 | Reached skill level 22 in Fighting
 77358 | Vaults:5 | Received a gift from Okawaru
 77358 | Vaults:5 | HP: 52/210 [cloud of flame (2)]
 77361 | Vaults:5 | HP: 23/210 [quicksilver dragon (8)]
 77363 | Vaults:5 | HP: 8/210 [vault sentinel/long sword[a vault warden] (7)]
 77593 | Vaults:5 | Reached skill level 8 in Dodging
 77629 | Vaults:5 | Reached skill level 9 in Dodging
 77986 | Vaults:5 | Reached skill level 10 in Dodging
 78011 | Vaults:5 | Noticed an ancient lich
 78194 | Vaults:5 | Reached XP level 25. HP: 142/219 MP: 29/29
 78807 | Vaults:5 | Reached skill level 11 in Dodging
 79244 | Vaults:5 | Received a gift from Okawaru
 79264 | Vaults:5 | Reached skill level 12 in Dodging
 79343 | Vaults:5 | Received a gift from Okawaru
 79845 | Vaults:5 | Killed an ancient lich
 79845 | Vaults:5 | Received a gift from Okawaru
 79845 | Vaults:5 | Reached skill level 5 in Charms
 79994 | Vaults:5 | Reached skill level 5 in Spellcasting
 80107 | Vaults:5 | Got a brightly glowing hand axe
 80149 | Vaults:5 | Got a steaming hand axe {chop}
 80166 | Vaults:5 | Got a shimmering bone ring
 80166 | Vaults:5 | Got a translucent chain mail
 80166 | Vaults:5 | Got a fine amber ring
 80166 | Vaults:5 | Got a translucent leather armour
 80178 | Vaults:5 | Got a dazzling hand axe {freeze}
 80180 | Vaults:5 | Got a bound amber ring
 80322 | Vaults:5 | Got a bloodstained trident {vamp}
 80370 | Vaults:5 | Got a heavily runed hat {god gift}
 80429 | Vaults:5 | Identified Joqunnir's Handbook of Transmutation
 80519 | Vaults:5 | Got an iridescent flail {crush}
 80554 | Vaults:5 | Identified the cursed +1 hand axe "Dicau" {chop, *Drain MR++ Str+3} (You took it off a salamander stormcaller on level 5 of the Vaults)
 80565 | Vaults:5 | Identified the cursed +1 chain mail "Plog" {rF+ Int+2} (You took it off a vault warden on level 5 of the Vaults)
 80566 | Vaults:5 | Identified the ring "Biromp" {rCorr +Inv rF+ Str+3} (You took it off an ironbrand convoker on level 5 of the Vaults)
 80568 | Vaults:5 | Identified the ring "Xouquar" {rF+ Int+4} (You took it off a vault warden on level 5 of the Vaults)
 80570 | Vaults:5 | Identified the cursed ring of Sueconei {MP+9 EV-5} (You took it off a vault sentinel on level 5 of the Vaults)
 80580 | Vaults:5 | Identified the -3 hat of the Storm King {rPois Regen+} (Okawaru gifted it to you on level 5 of the Vaults)
 80593 | Vaults:5 | Identified the +2 leather armour of Xeihosir {Str+4} (You took it off an ironheart preserver on level 5 of the Vaults)
 80608 | Vaults:5 | Identified the +7 flail of Eternal Night {crush, rC+ MR+} (You took it off a vault sentinel on level 5 of the Vaults)
 80613 | Vaults:5 | Identified the +6 trident "Nophu" {vamp, rF+ Dex+3} (You took it off a tengu reaver on level 5 of the Vaults)
 80615 | Vaults:5 | Identified the +10 hand axe of Dapsunyjos {elec, rF++ SInv} (You found it on level 5 of the Vaults)
 80617 | Vaults:5 | Identified the +5 hand axe of Dullness {freeze, *Contam Fragile rElec rPois} (You took it off a vault sentinel on level 5 of the Vaults)
 80661 | Vaults:5 | Got a slimy scale mail
 80685 | Vaults:5 | Got a silver rune of Zot
 80727 | Vaults:5 | Got a pair of smoking gloves
 80732 | Vaults:5 | Identified the +1 scale mail of Ru's Brutal Revenge {+Inv MR- Int-4 SInv} (You found it on level 5 of the Vaults)
 80734 | Vaults:5 | Identified the +0 pair of gloves of the Mind {rPois MP+9 Int+2} (You found it on level 5 of the Vaults)
 80776 | Vaults:5 | Identified Sif Muna's Incunabulum of Lucky Feathers (You found it on level 5 of the Vaults)
 80784 | Vaults:5 | Learned a level 6 spell: Deflect Missiles
 80929 | Vaults:5 | Received a gift from Okawaru
 80990 | Vaults:5 | Identified the Tome of Mutagenic Enhancements
 81191 | Vaults:4 | Received a gift from Okawaru
 81191 | Vaults:4 | Reached skill level 6 in Air Magic
 81870 | Orc:2    | Bought a meat ration for 70 gold pieces
 81870 | Orc:2    | Bought a meat ration for 70 gold pieces
 81870 | Orc:2    | Bought a meat ration for 70 gold pieces
 81870 | Orc:2    | Bought a meat ration for 70 gold pieces
 82101 | Elf:2    | Reached skill level 6 in Charms
 82114 | Elf:2    | Reached skill level 6 in Invocations
 82393 | Elf:3    | Entered Level 3 of the Elven Halls
 82642 | Elf:3    | Reached skill level 6 in Spellcasting
 82776 | Elf:3    | Reached skill level 7 in Air Magic
 82853 | Elf:3    | Reached skill level 7 in Invocations
 82866 | Elf:3    | Reached skill level 7 in Charms
 82871 | Elf:3    | Received a gift from Okawaru
 83423 | Elf:3    | Reached XP level 26. HP: 226/226 MP: 32/32
 83497 | Elf:3    | Found Osax's General Store.
 83505 | Elf:3    | Bought a scroll of magic mapping for 70 gold pieces
 83505 | Elf:3    | Bought a scroll of immolation for 70 gold pieces
 83505 | Elf:3    | Bought 2 potions of curing for 120 gold pieces
 83505 | Elf:3    | Bought a scroll of enchant weapon for 150 gold pieces
 83560 | Elf:3    | Reached skill level 8 in Air Magic
 83561 | Elf:3    | Reached skill level 8 in Invocations
 84056 | Elf:3    | Reached skill level 8 in Charms
 84101 | Elf:3    | Received a gift from Okawaru
 84474 | Elf:3    | Reached skill level 9 in Invocations
 84905 | Elf:3    | Got an ichor-stained long sword {slice}
 84935 | Elf:3    | Identified the Volume of Stones and the Traveller
 84953 | Elf:3    | Identified the +7 long sword "Ytonown" {slice, rN+} (You took it off a deep elf annihilator on level 3 of the Elven Halls)
 84972 | Elf:3    | Got a fine crystal amulet
 84992 | Elf:3    | Identified a -1 rod of ignition (11/11) {!a} (You took it off a deep elf elementalist on level 3 of the Elven Halls)
 85008 | Elf:3    | Identified the amulet "Olaog" {Harm *Drain *Confuse Str+5} (You took it off a deep elf annihilator on level 3 of the Elven Halls)
 85057 | Elf:3    | Got an encrusted plate armour
 85140 | Elf:3    | Identified a +2 iron rod (12/12) (You took it off a deep elf annihilator on level 3 of the Elven Halls)
 85151 | Elf:3    | Identified the +8 plate armour "Byomeuce" {rF+ Str-3 Dex+9} (You found it on level 3 of the Elven Halls)
 85789 | Crypt:1  | Entered Level 1 of the Crypt
 85824 | Crypt:1  | Reached skill level 7 in Spellcasting
 85824 | Crypt:1  | Reached skill level 9 in Air Magic
 86177 | Crypt:1  | Reached skill level 9 in Charms
 86447 | Crypt:1  | HP: 55/226 [vampire[a curse skull] (5)]
 87004 | Crypt:1  | Received a gift from Okawaru
 87062 | Crypt:1  | Reached skill level 10 in Invocations
 87257 | Crypt:1  | HP: 55/226 [jiangshi[a vampire mage] (2)]
 87258 | Crypt:1  | Reached skill level 10 in Air Magic
 88293 | Crypt:1  | Received a gift from Okawaru
 88303 | Crypt:1  | Found an ancient bone altar of Kikubaaqudgha.
 88796 | Depths:1 | Entered Level 1 of the Depths
 89227 | Depths:1 | Found Seliwy's Antique Weapon Shoppe.
 89282 | Depths:1 | Found a one-way gate leading to the halls of Pandemonium.
 89406 | Depths:1 | Reached XP level 27. HP: 200/233 MP: 34/34
 89424 | Depths:1 | Reached skill level 10 in Charms
 89429 | Depths:1 | Found a gateway to Hell.
 89711 | Depths:1 | Reached skill level 8 in Spellcasting
 89751 | Depths:1 | Reached skill level 11 in Invocations
 90131 | Depths:1 | Reached skill level 11 in Air Magic
 90915 | Depths:2 | Found a one-way gate to the infinite horrors of the Abyss.
 90992 | Depths:2 | Found Gozag's Assorted Antiques.
 91035 | Depths:2 | Found an opulent altar of Gozag.
 91048 | Depths:2 | Found Gozag's Antique Armour Shop.
 91053 | Depths:2 | Found Gozag's Antique Weapon Shop.
 91067 | Depths:2 | Received a gift from Okawaru
 91192 | Depths:2 | Reached skill level 11 in Charms
 91631 | Depths:2 | Received a gift from Okawaru
 91639 | Depths:2 | Reached skill level 12 in Invocations
 91644 | Depths:2 | Got a pair of bloodstained boots {god gift}
 91645 | Depths:2 | Identified the +2 pair of boots of Qiawne Wuysk {*Corrode rElec MP+9} (Okawaru gifted it to you on level 2 of the Depths)
 92210 | Depths:2 | Got a jewelled leather armour
 92295 | Depths:2 | Found a gateway to a ziggurat.
 93060 | Depths:3 | Reached skill level 9 in Spellcasting
 93060 | Depths:3 | Reached skill level 12 in Air Magic
 93133 | Depths:3 | HP: 58/233 [ettin/dire flail (7)]
 93138 | Depths:3 | HP: 39/233 [ettin/dire flail (11)]
 93944 | Depths:3 | Found Cesim's Antique Armour Boutique.
 93988 | Depths:3 | Identified the +3 leather armour of Juisyank {Str+3} (You found it on level 2 of the Depths)
 94289 | Depths:3 | Reached skill level 13 in Invocations
 94426 | Depths:3 | Reached skill level 12 in Charms
 94664 | Depths:3 | Noticed a juggernaut
 94676 | Depths:3 | Killed a juggernaut
 94975 | Depths:4 | Found a corrupted altar of Lugonu.
 96196 | Depths:4 | Received a gift from Okawaru
 96258 | Depths:4 | Reached skill level 13 in Air Magic
 96666 | Depths:4 | Reached skill level 14 in Invocations
 96761 | Depths:4 | Reached skill level 13 in Charms
 96804 | Depths:4 | Received a gift from Okawaru
 96811 | Depths:4 | Got a brightly glowing cloak {god gift}
 96812 | Depths:4 | Identified the -4 cloak of the Centipede {rF- rN+ rCorr} (Okawaru gifted it to you on level 4 of the Depths)
 97127 | Depths:5 | Entered Level 5 of the Depths
 97524 | Depths:5 | Found a gate to the Realm of Zot.
 97580 | Depths:5 | Reached skill level 10 in Spellcasting
 98233 | Depths:5 | Found a glowing golden altar of the Shining One.
 98233 | Depths:5 | Found Wuuranur's Hallowed Reliquary.
 98273 | Depths:5 | Bought a potion of heal wounds for 95 gold pieces
 98273 | Depths:5 | Bought a potion of heal wounds for 95 gold pieces
 98273 | Depths:5 | Bought a wand of heal wounds (4/9) for 912 gold pieces
 98895 | Depths:5 | Reached skill level 14 in Air Magic
 98981 | Zot:1    | Entered Level 1 of the Realm of Zot
 99073 | Zot:1    | HP: 58/233 [green draconian monk (6)]
 99078 | Zot:1    | Reached skill level 15 in Invocations
 99078 | Zot:1    | HP: 41/233 [green draconian/war axe (4)]
 99087 | Zot:1    | Reached skill level 14 in Charms
 99555 | Zot:1    | Received a gift from Okawaru
 99559 | Zot:1    | Noticed an orb of fire
100191 | Zot:1    | Received a gift from Okawaru
101073 | Zot:1    | Gained mutation: Scrolls take you a little longer to read. [an orb of fire]
101077 | Zot:1    | Gained mutation: You are frail (-10% HP). [an orb of fire]
101080 | Zot:1    | Killed an orb of fire
102597 | Slime:1  | Entered Level 1 of the Pits of Slime
102851 | Slime:1  | Reached skill level 16 in Invocations
103265 | Slime:2  | Noticed Dissolution
103271 | Slime:1  | Killed Dissolution
103271 | Slime:1  | Reached skill level 11 in Spellcasting
103271 | Slime:1  | Reached skill level 15 in Air Magic
103364 | Slime:2  | Reached skill level 15 in Charms
103518 | Slime:1  | Gained mutation: You are very frail (-20% HP). [a shining eye]
103937 | Slime:2  | Found a viscous altar of Jiyva.
105105 | Slime:4  | HP: 42/186 [slime creature (14)]
105720 | Slime:4  | Received a gift from Okawaru
106622 | Slime:6  | Entered Level 6 of the Pits of Slime
106641 | Slime:6  | Received a gift from Okawaru
106819 | Slime:6  | Received a gift from Okawaru
106862 | Slime:6  | Noticed the Royal Jelly
106950 | Slime:5  | Reached skill level 17 in Invocations
107463 | Slime:6  | Found a viscous altar of Jiyva.
107653 | Slime:6  | Received a gift from Okawaru
107699 | Slime:6  | Reached skill level 16 in Air Magic
108123 | Slime:4  | HP: 44/186 [acid[the Royal Jelly] (7)]
108695 | Slime:5  | Reached skill level 16 in Charms
109574 | Slime:6  | HP: 36/186 [azure jelly[the Royal Jelly] (17)]
109574 | Slime:6  | HP: 14/186 [acid[the Royal Jelly] (4)]
109576 | Slime:5  | Demolished by an azure jelly

Vault maps used:
D:1:      roderic_crop_circles_arrival_small, serial_curves, eino_curves_02,
          eino_curves_04, eino_curves_01, hangedman_abyss_or_decor_lesser_grid
D:2:      okawaru_trees_1, first_bread
D:3:      kiku_gazebo_garden_becter, uniq_crazy_yiuf_cottage
D:4:      lemuel_coloured_pillars_altar, minmay_temple_entry_large_hall,
          serial_forest, infiniplex_forest_clump_double,
          infiniplex_forest_end_double, infiniplex_forest_straight_2,
          infiniplex_forest_clump_long, infiniplex_forest_zigzag_1
D:5:      enter_ossuary_4, basic_altar, nemelex_xobeh_ov_fountains_minmay,
          uniq_pikel, uniq_edmund
D:6:      kennysheep_slugbush, nicolae_ru_awakened_eye
D:7:      enter_bailey_2, grunt_ogre_cave
D:8:      elyvilon_altar_5
D:9:      lemuel_crystal_altar, david_lair_generic, dk_noncrumbling_2,
          lemuel_tele_altar
D:11:     yredelemnul_altar_generic
D:12:     david_orc_2
D:13:     minmay_goldmine, erik_vaults_1
D:14:     minmay_misc_feat_more_columns, lab_entry_generic,
          roderic_serpentine_path, uniq_agnes
D:15:     gammafunk_depths_entry_grave, minmay_misc_feat_five
Lair:1:   enter_volcano_4, grunt_megastairs_3
Lair:3:   nicolae_spider_entry_tight_spaces, grunt_megastairs_1
Lair:4:   nicolae_swamp_entry_splash_gauntlet, minmay_another_anthill
Lair:5:   gammafunk_lair_enchanted_lake, beast_lair_carwin_1
Lair:6:   beast_lair_carwin_2, lemuel_fruit_fields, lemuel_fruit_fields,
          serial_bayou_shore_b
Lair:7:   minmay_slime_entry_pillars, serial_bayou_pond_d, minmay_holes,
          st_stairs_5, grunt_forest_small_clearing_treed, grunt_megastairs_5,
          serial_bayou_shore_b
Lair:8:   evilmike_catoblepas_cave, grunt_megastairs_4
Swamp:1:  hangedman_swamp_diagram
Swamp:2:  evilmike_swamp_ruin_rubble_1, infiniplex_staircase_pool_2
Swamp:3:  evilmike_swamp_ruin_house_5, uniq_louise, uniq_jorgrun
Swamp:4:  swamp
Spider:2: uniq_arachne
Spider:3: uniq_kirke, uniq_nikola
Spider:4: guppyfry_spider_rune, uniq_norris, uniq_aizul
Slime:2:  basic_altar, dissolution_awaits
Orc:2:    grunt_orc_community_town_hall, grunt_orc_community_big_house_2,
          grunt_orc_community_big_house_2, grunt_orc_community_house_2,
          grunt_orc_community_house_2, grunt_orc_community_house_3,
          grunt_orc_community_house_3, grunt_orc_community_house_1,
          grunt_orc_community_house_2, uniq_rupert
Elf:1:    eino_elf_arrival_sip, hangedman_corner_corridor,
          hangedman_elf_simple_split, grunt_megastairs_2, uniq_asterion,
          uniq_azrael, uniq_roxanne
Elf:3:    minmay_elf_hall_golems, serial_shops, shop, lemuel_flamethrower_2
Vaults:1: vaults_dpeg_ring, v_misc_11, v_misc_10, hangedman_vaults_stitches,
          vaults_standard_mumra_x, nicolae_vaults_stairing_the_circle,
          hangedman_vaults_corner, ontoclasm_vaults_ring_small,
          vaults_room_semicircle, v_misc_13, ontoclasm_vaults_fault,
          ontoclasm_vaults_shout, ontoclasm_vaults_shuriken,
          nicolae_trove_entry_crystal, serial_shops,
          nicolae_shop_temple_entry_statues_fountains
Vaults:2: v_misc_32, nicolae_vaults_quartermaster, v_misc_19,
          vaults_mumra_minichess, nicolae_vaults_three_branches,
          vaults_standard_mumra_lines, nicolae_vaults_ring_of_whatevers,
          grunt_vaults_hallway_short, v_misc_22, serial_shops,
          nicolae_shop_crystal
Vaults:3: minmay_crypt_entry_simple_plaza, v_alt_pattern_3,
          ontoclasm_vaults_hangar, serial_ice_g, grunt_vaults_swirl,
          grunt_vaults_diagonal, nicolae_vaults_little_squares_2, st_hourglassy,
          hangedman_vaults_restitches, hangedman_vaults_nails,
          ontoclasm_vaults_spin, basic_altar, serial_shops, shop,
          uniq_frederick, uniq_saint_roka
Vaults:4: nicolae_vaults_diagonal_hallway_7, v_misc_5,
          nicolae_vaults_hallways_thing, hangedman_vaults_pinch,
          vaults_room_corners, v_misc_30, vaults_room_stairs_pillars,
          vaults_room_fours, ontoclasm_vaults_chip,
          ontoclasm_vaults_claustrophobia, hangedman_vaults_stretched_pinwheel,
          nicolae_vaults_little_squares_4, grunt_vaults_focal,
          grunt_vaults_hallway_short, serial_shops, shop, uniq_boris,
          uniq_sojobo, uniq_xtahua
Vaults:5: serial_shops
Crypt:1:  cheibrodos_crypt_eye_of_stone, grunt_crypt_arrival_webbed
Depths:1: serial_shops, nicolae_shop_overgrown_old_shop, hellmouth_3, pan_entry,
          serial_bayou_shore_a, serial_bayou_lagoon_b
Depths:2: kennysheep_gozag_temple, enter_ziggurat_d, grunt_hell_entry_dis_grunt,
          minmay_misc_feat_x, minmay_room_of_horrors,
          infiniplex_staircase_pool_1
Depths:3: minmay_tri_box, hell_entry, rand_demon_pan_entry_3,
          minmay_misc_feat_nine_boxes, serial_shops, nicolae_shop_stone
Depths:4: vault_1, serial_sigils_hangedman_leer, abyss_entry_flame_altar,
          special_room, pf_hell_entry_tar_river
Depths:5: grunt_zot_entry_pinwheel, nicolae_lava_and_water,
          grunt_pan_entry_zigzag, hell_entry, nicolae_good_shop,
          roderic_lattice_octagonal_star
Zot:1:    grunt_ministairs_2
Lab:      labyrinth_spiral, nicolae_lab_big_swirl, nicolae_lab_very_dead_end,
          lab_statue, nicolae_lab_grate_2, labyrinth_skeletal_remains, lab_block
Trove:    trove_jewellery_lava
Ossuary:  ossuary_minmay_chase
Bailey:   bailey_polearm_2, bailey
Volcano:  volcano_pools

Skill      XL: |  1  2  3  4  5  6  7  8  9 10 11 12 13 14 15 16 17 18 19 20 21 22 23 24 25 26 27 |
---------------+----------------------------------------------------------------------------------+-----
Fighting       | 4 5 6 7 9 10 12 13 15 18 20 22 | 22.4
Staves         | 5 |  5.6
Invocations    | 5 7 10 17 | 17.4
Crossbows      | 4 7 10 12 15 17 18 19 20 21 22 | 22.3
Long Blades    | 6 8 11 12 13 | 13.0
Dodging        | 7 10 12 | 12.6
Charms         | 3 4 7 9 16 | 16.0
Air Magic      | 3 5 7 10 16 | 16.1
Spellcasting   | 3 4 6 7 11 | 11.8
Necromancy     | 1 |  1.0
Armour         | 4 6 9 12 14 15 | 15.0
Shields        | |  3.1

Action                   |  1- 3 |  4- 6 |  7- 9 | 10-12 | 13-15 | 16-18 | 19-21 | 22-24 | 25-27 || total
-------------------------+-------+-------+-------+-------+-------+-------+-------+-------+-------++-------
Melee: Long sword        |   101 |    35 |       |       |       |       |       |       |       ||   136
       Quarterstaff      |       |    18 |   245 |   171 |       |       |       |       |       ||   434
       Double sword      |       |       |       |   243 |   416 |   643 |   604 |    89 |    17 ||  2012
       Punch             |       |       |       |     2 |     3 |     9 |     9 |     4 |     1 ||    28
       Triple sword      |       |       |       |       |       |       |       |       |     5 ||     5
 Fire: Arbalest          |       |       |     8 |   185 |   521 |   693 |   130 |   122 |    16 ||  1675
       Triple crossbow   |       |       |       |       |       |   357 |   836 |   854 |  2892 ||  4939
Throw: Tomahawk          |       |    63 |    39 |    31 |       |       |       |       |       ||   133
       Throwing net      |       |       |       |       |     2 |       |       |       |       ||     2
 Cast: Infusion          |       |       |       |       |       |     3 |     1 |       |    21 ||    25
       Repel Missiles    |       |       |       |       |       |     2 |     2 |     2 |     4 ||    10
       Regeneration      |       |       |       |       |       |     2 |       |       |    34 ||    36
       Swiftness         |       |       |       |       |       |     1 |       |       |     9 ||    10
       Deflect Missiles  |       |       |       |       |       |       |       |       |     3 ||     3
Invok: Heroism           |       |       |     6 |    13 |     8 |    36 |    24 |    21 |    47 ||   155
       Finesse           |       |       |       |     1 |       |     6 |     7 |    11 |    16 ||    41
 Abil: Evoke Berserk Rag |       |       |       |     2 |       |     3 |       |     1 |       ||     6
       Evoke Flight      |       |       |       |       |       |     1 |       |       |     1 ||     2
       Stop Flying       |       |       |       |       |       |       |       |       |     1 ||     1
Evoke: Wand              |       |       |     8 |     5 |     2 |     4 |     1 |     5 |    16 ||    41
       Deck              |       |       |       |       |       |     4 |     1 |     3 |       ||     8
  Use: Potion            |       |     1 |     7 |     2 |     8 |    17 |     7 |    14 |     8 ||    64
       Scroll            |       |       |    12 |    10 |     8 |    20 |     8 |    14 |    32 ||   104
 Stab: Paralysed         |       |       |     2 |     1 |       |       |       |       |       ||     3
       Petrified         |       |       |     1 |       |       |       |       |       |       ||     1
       Confused          |       |       |       |     1 |       |     1 |       |       |       ||     2
  Eat: Chunk             |       |     5 |     6 |    15 |    28 |    25 |    16 |    11 |     5 ||   111
       Beef jerky        |       |     1 |       |       |       |     1 |     1 |       |    13 ||    16
       Meat ration       |       |       |     1 |     2 |       |     1 |     2 |     1 |     7 ||    14
       Bread ration      |       |       |     1 |     2 |     2 |    10 |     4 |     6 |    11 ||    36
       Pizza             |       |       |       |       |       |     1 |     1 |     1 |     1 ||     4
       Royal jelly       |       |       |       |       |       |     1 |       |       |       ||     1
       Fruit             |       |       |       |       |       |     1 |     1 |       |     6 ||     8
Armor: Scale mail        |    76 |    26 |   104 |     2 |       |       |       |       |   249 ||   457
       Chain mail        |       |       |       |   339 |   290 |    89 |       |   430 |    96 ||  1244
       Plate armour      |       |       |       |       |       |   840 |   901 |    23 |       ||  1764
       Crystal plate arm |       |       |       |       |       |       |       |       |  1386 ||  1386
Dodge: Dodged            |    66 |    23 |   136 |   198 |   249 |   848 |   828 |   399 |  1144 ||  3891
       Deflected         |       |       |       |       |       |     5 |    10 |     7 |    63 ||    85
Block: Shield            |    12 |       |       |       |       |       |       |       |       ||    12
       Other             |       |       |       |       |       |       |       |     2 |       ||     2

Vault maps used:
D:1:      roderic_crop_circles_arrival_small, serial_curves, eino_curves_02,
          eino_curves_04, eino_curves_01, hangedman_abyss_or_decor_lesser_grid
D:2:      okawaru_trees_1, first_bread
D:3:      kiku_gazebo_garden_becter, uniq_crazy_yiuf_cottage
D:4:      lemuel_coloured_pillars_altar, minmay_temple_entry_large_hall,
          serial_forest, infiniplex_forest_clump_double,
          infiniplex_forest_end_double, infiniplex_forest_straight_2,
          infiniplex_forest_clump_long, infiniplex_forest_zigzag_1
D:5:      enter_ossuary_4, basic_altar, nemelex_xobeh_ov_fountains_minmay,
          uniq_pikel, uniq_edmund
D:6:      kennysheep_slugbush, nicolae_ru_awakened_eye
D:7:      enter_bailey_2, grunt_ogre_cave
D:8:      elyvilon_altar_5
D:9:      lemuel_crystal_altar, david_lair_generic, dk_noncrumbling_2,
          lemuel_tele_altar
D:11:     yredelemnul_altar_generic
D:12:     david_orc_2
D:13:     minmay_goldmine, erik_vaults_1
D:14:     minmay_misc_feat_more_columns, lab_entry_generic,
          roderic_serpentine_path, uniq_agnes
D:15:     gammafunk_depths_entry_grave, minmay_misc_feat_five
Lair:1:   enter_volcano_4, grunt_megastairs_3
Lair:3:   nicolae_spider_entry_tight_spaces, grunt_megastairs_1
Lair:4:   nicolae_swamp_entry_splash_gauntlet, minmay_another_anthill
Lair:5:   gammafunk_lair_enchanted_lake, beast_lair_carwin_1
Lair:6:   beast_lair_carwin_2, lemuel_fruit_fields, lemuel_fruit_fields,
          serial_bayou_shore_b
Lair:7:   minmay_slime_entry_pillars, serial_bayou_pond_d, minmay_holes,
          st_stairs_5, grunt_forest_small_clearing_treed, grunt_megastairs_5,
          serial_bayou_shore_b
Lair:8:   evilmike_catoblepas_cave, grunt_megastairs_4
Swamp:1:  hangedman_swamp_diagram
Swamp:2:  evilmike_swamp_ruin_rubble_1, infiniplex_staircase_pool_2
Swamp:3:  evilmike_swamp_ruin_house_5, uniq_louise, uniq_jorgrun
Swamp:4:  swamp
Spider:2: uniq_arachne
Spider:3: uniq_kirke, uniq_nikola
Spider:4: guppyfry_spider_rune, uniq_norris, uniq_aizul
Slime:2:  basic_altar, dissolution_awaits
Orc:2:    grunt_orc_community_town_hall, grunt_orc_community_big_house_2,
          grunt_orc_community_big_house_2, grunt_orc_community_house_2,
          grunt_orc_community_house_2, grunt_orc_community_house_3,
          grunt_orc_community_house_3, grunt_orc_community_house_1,
          grunt_orc_community_house_2, uniq_rupert
Elf:1:    eino_elf_arrival_sip, hangedman_corner_corridor,
          hangedman_elf_simple_split, grunt_megastairs_2, uniq_asterion,
          uniq_azrael, uniq_roxanne
Elf:3:    minmay_elf_hall_golems, serial_shops, shop, lemuel_flamethrower_2
Vaults:1: vaults_dpeg_ring, v_misc_11, v_misc_10, hangedman_vaults_stitches,
          vaults_standard_mumra_x, nicolae_vaults_stairing_the_circle,
          hangedman_vaults_corner, ontoclasm_vaults_ring_small,
          vaults_room_semicircle, v_misc_13, ontoclasm_vaults_fault,
          ontoclasm_vaults_shout, ontoclasm_vaults_shuriken,
          nicolae_trove_entry_crystal, serial_shops,
          nicolae_shop_temple_entry_statues_fountains
Vaults:2: v_misc_32, nicolae_vaults_quartermaster, v_misc_19,
          vaults_mumra_minichess, nicolae_vaults_three_branches,
          vaults_standard_mumra_lines, nicolae_vaults_ring_of_whatevers,
          grunt_vaults_hallway_short, v_misc_22, serial_shops,
          nicolae_shop_crystal
Vaults:3: minmay_crypt_entry_simple_plaza, v_alt_pattern_3,
          ontoclasm_vaults_hangar, serial_ice_g, grunt_vaults_swirl,
          grunt_vaults_diagonal, nicolae_vaults_little_squares_2, st_hourglassy,
          hangedman_vaults_restitches, hangedman_vaults_nails,
          ontoclasm_vaults_spin, basic_altar, serial_shops, shop,
          uniq_frederick, uniq_saint_roka
Vaults:4: nicolae_vaults_diagonal_hallway_7, v_misc_5,
          nicolae_vaults_hallways_thing, hangedman_vaults_pinch,
          vaults_room_corners, v_misc_30, vaults_room_stairs_pillars,
          vaults_room_fours, ontoclasm_vaults_chip,
          ontoclasm_vaults_claustrophobia, hangedman_vaults_stretched_pinwheel,
          nicolae_vaults_little_squares_4, grunt_vaults_focal,
          grunt_vaults_hallway_short, serial_shops, shop, uniq_boris,
          uniq_sojobo, uniq_xtahua
Vaults:5: serial_shops
Crypt:1:  cheibrodos_crypt_eye_of_stone, grunt_crypt_arrival_webbed
Depths:1: serial_shops, nicolae_shop_overgrown_old_shop, hellmouth_3, pan_entry,
          serial_bayou_shore_a, serial_bayou_lagoon_b
Depths:2: kennysheep_gozag_temple, enter_ziggurat_d, grunt_hell_entry_dis_grunt,
          minmay_misc_feat_x, minmay_room_of_horrors,
          infiniplex_staircase_pool_1
Depths:3: minmay_tri_box, hell_entry, rand_demon_pan_entry_3,
          minmay_misc_feat_nine_boxes, serial_shops, nicolae_shop_stone
Depths:4: vault_1, serial_sigils_hangedman_leer, abyss_entry_flame_altar,
          special_room, pf_hell_entry_tar_river
Depths:5: grunt_zot_entry_pinwheel, nicolae_lava_and_water,
          grunt_pan_entry_zigzag, hell_entry, nicolae_good_shop,
          roderic_lattice_octagonal_star
Zot:1:    grunt_ministairs_2
Lab:      labyrinth_spiral, nicolae_lab_big_swirl, nicolae_lab_very_dead_end,
          lab_statue, nicolae_lab_grate_2, labyrinth_skeletal_remains, lab_block
Trove:    trove_jewellery_lava
Ossuary:  ossuary_minmay_chase
Bailey:   bailey_polearm_2, bailey
Volcano:  volcano_pools

Table legend:
 A = Turns spent in this place as a percentage of turns spent in the entire game.
 B = Non-inter-level travel turns spent in this place as a percentage of non-inter-level travel turns spent in the entire game.
 C = Inter-level travel turns spent in this place as a percentage of turns spent in this place.
 D = Turns resting spent in this place as a percentage of non-inter-level travel turns spent in this place.
 E = Turns spent auto-exploring this place as a percentage of non-inter-level travel turns spent in this place.
 F = Non-inter-level travel turns spent in this place divided by the number of levels of this place that you've seen.
                   A       B       C       D       E      F
               +-------+-------+-------+-------+-------+----------------------
         Total | 100.0 | 100.0 |   0.6 |   5.6 |   9.1 | 439.6
       Dungeon |  14.8 |  14.7 |   0.8 |   1.9 |  11.6 | 258.9
          Lair |  19.1 |  19.0 |   0.9 |   5.9 |   6.1 | 626.4
         Swamp |   6.6 |   6.7 |   0.3 |   8.2 |   7.7 | 439.8
   Spider Nest |   9.0 |   9.0 |   0.5 |   8.7 |   4.7 | 596.8
    Slime Pits |   6.9 |   6.9 |   0.4 |   8.3 |   7.7 | 304.5
  Orcish Mines |   3.7 |   3.7 |   0.8 |   3.8 |  11.1 | 490.5
   Elven Halls |   7.1 |   7.1 |   0.4 |   5.2 |  13.3 | 624.0
        Vaults |  14.8 |  14.8 |   0.5 |   6.3 |  11.7 | 781.2
         Crypt |   2.5 |   2.5 |   0.9 |   3.9 |   9.0 | 333.0
        Depths |   9.8 |   9.8 |   0.4 |   3.5 |  11.5 | 515.6
           Zot |   2.0 |   2.0 |   0.2 |   7.4 |   9.5 | 526.0
     Labyrinth |   0.7 |   0.7 |   0.0 |   0.0 |   0.0 | 180.0
         Trove |   0.1 |   0.1 |   0.0 |   0.0 |   0.0 |  38.0
       Ossuary |   0.5 |   0.5 |   0.0 |   0.0 |   8.4 | 143.0
        Bailey |   1.6 |   1.6 |   0.0 |   8.9 |   5.0 | 418.0
       Volcano |   0.8 |   0.8 |   0.0 |   9.9 |   4.5 | 202.0
               +-------+-------+-------+-------+-------+----------------------

Table legend:
 A = Kills in this place as a percentage of kills in entire the game.
 B = Kills by you in this place as a percentage of kills by you in the entire game.
 C = Kills by friends in this place as a percentage of kills by friends in the entire game.
 D = Other kills in this place as a percentage of other kills in the entire game.
 E = Experience gained in this place as a percentage of experience gained in the entire game.
 F = Experience gained in this place divided by the number of levels of this place that you have seen.
                   A       B       C       D       E      F
               +-------+-------+-------+-------+-------+----------------------
         Total | 100.0 | 100.0 | 100.0 | 100.0 | 100.0 | 25677.2
       Dungeon |  13.3 |  13.2 | 100.0 |  33.3 |   3.2 | 3301.9
          Lair |  16.0 |  16.1 |   0.0 |   0.0 |   5.9 | 11321.4
         Swamp |   5.9 |   5.8 |   0.0 |  11.1 |   5.2 | 19991.5
   Spider Nest |   8.0 |   8.0 |   0.0 |  11.1 |   7.5 | 28842.0
    Slime Pits |   7.4 |   7.5 |   0.0 |   0.0 |   9.3 | 23783.3
  Orcish Mines |   4.4 |   4.5 |   0.0 |   0.0 |   1.1 | 8248.5
   Elven Halls |   7.9 |   7.9 |   0.0 |  11.1 |  12.5 | 64018.7
        Vaults |  18.6 |  18.6 |   0.0 |  22.2 |  26.6 | 81855.4
         Crypt |   2.4 |   2.4 |   0.0 |   0.0 |   3.7 | 28577.5
        Depths |  12.6 |  12.6 |   0.0 |  11.1 |  19.7 | 60833.4
           Zot |   1.6 |   1.6 |   0.0 |   0.0 |   5.1 | 78206.0
     Labyrinth |   0.0 |   0.0 |   0.0 |   0.0 |   0.1 | 1051.0
       Ossuary |   0.7 |   0.7 |   0.0 |   0.0 |   0.0 | 125.0
        Bailey |   0.9 |   0.9 |   0.0 |   0.0 |   0.1 | 1818.0
       Volcano |   0.2 |   0.2 |   0.0 |   0.0 |   0.1 | 2148.0
               +-------+-------+-------+-------+-------+----------------------
